 Dungeon Crawl Stone Soup version 0.32-a0-163-g159c032296 (webtiles) character file.

Game seed: 8574241914860820148

62 PriceMaster the Conjurer (level 4, 0/27 HPs)
             Began as an Octopode Conjurer on Feb 12, 2024.
             Slain by a gnoll
             ... wielding a +0 spear
              (9 damage)
             ... on level 3 of the Dungeon.
             The game lasted 00:02:24 (1877 turns).

PriceMaster the Conjurer (Octopode Conjurer)        Turns: 1877, Time: 00:02:25

Health: 0/27       AC:  1    Str:  6    XL:     4   Next: 8%
Magic:  0/7        EV: 13    Int: 20    God:
Gold:   83         SH:  0    Dex: 12    Spells: 4/7 levels left

rFire   . . .        i - +0 dagger
rCold   . . .        (no shield)
rNeg    . . .        (helmet restricted)
rPois   .            d - amulet of faith
rElec   .            (no ring)
rCorr   .            (no ring)
SInv    .            (no ring)
Will    .....        (no ring)
Stlth   +++          (no ring)
HPRegen 0.24/turn    (no ring)
MPRegen 0.10/turn    (no ring)
                     (no ring)

%: faith
@: brilliant
A: almost no armour, amphibious, 8 rings, camouflage 1, gelatinous body 1,
(nimble swimmer 1), tentacles
a: no special abilities


You were on level 3 of the Dungeon.
You visited 1 branch of the dungeon, and saw 4 of its levels.

You collected 83 gold pieces.

Inventory:

Hand Weapons
 i - a +0 dagger (weapon)
Jewellery
 d - an amulet of faith (around mantle)
Wands
 a - a wand of polymorph (9)
Scrolls
 c - 2 scrolls of torment {unknown}
 f - a scroll of enchant armour {unknown}
 g - a scroll of noise {unknown}
 j - a scroll of immolation {unknown}
Potions
 h - a potion of degeneration {unknown}


   Skills:
 + Level 2.1 Dodging
 + Level 2.8 Stealth
 + Level 2.0 Spellcasting
 + Level 5.4 Conjurations


You had 4 spell levels left.
You knew the following spells:

 Your Spells              Type           Power      Damage    Failure   Level
a - Magic Dart            Conj           100%       1d8       1%          1
b - Searing Ray           Conj           70%        2d7       2%          2

Your spell library contained the following spells:

 Spells                   Type           Power      Damage    Failure   Level
 Fulminant Prism          Conj/Alch      9%         3d7       45%         4
 Iskenderun's Mystic Bla  Conj/Tloc      19%        2d6       45%         4


Dungeon Overview and Level Annotations

Branches:
Dungeon (4/15)
 Temple: D:4-7

Altars:
Uskayaw

Annotations:
D:3 2 transporters, zeratav's ghost, amateur OpSh
D:4 Dowan


Innate Abilities, Weirdness & Mutations

You cannot wear most types of armour.
You are amphibious.
You can wear up to eight rings at the same time.
Your skin changes colour to match your surroundings (Stealth+).
Your rubbery body absorbs attacks. (AC +1, EV +1)
((You are camouflaged when in or above water. (Stealth+)))
You have tentacles for arms and can constrict up to eight enemies at once.


Message History

The gnoll barely misses you.
The gnoll hits you from afar with a +0 spear.
Without enough magic to sustain it, your searing ray dissipates.
The gnoll misses you. The gnoll barely misses you.
Casting: Searing Ray (safe; 2% risk of failure)
Confirm with . or Enter, or press ? or * to list all spells.
You don't have enough magic to cast this spell.
Casting: Searing Ray (safe; 2% risk of failure)
Confirm with . or Enter, or press ? or * to list all spells.
You don't have enough magic to cast this spell.
The gnoll attacks as it pursues you!
The gnoll hits you from afar with a +0 spear.
Your magical contamination has completely faded away.
The gnoll misses you.
The gnoll hits you from afar with a +0 spear!
* * * LOW HITPOINT WARNING * * *
The gnoll attacks as it pursues you! The gnoll hits you with a +0 club.
* * * LOW HITPOINT WARNING * * *
You enter a teleport trap!
The teleport trap disappears.
Your surroundings seem slightly different.
It was a potion of curing.
You feel better.
It was a potion of brilliance.
You feel clever all of a sudden.
You feel a surge of power!
The magic dart hits the gnoll.
The gnoll is heavily wounded.
You feel a surge of power!
The magic dart hits the gnoll.
You kill the gnoll!
You have reached level 4!
The gnoll hits you with a +0 spear!
Things that are here:
a +0 club; a gnoll corpse You hit the gnoll but do no damage.
You grab the gnoll.
The gnoll is severely wounded.
You constrict the gnoll, but do no damage.
The gnoll barely misses you.
You hit the gnoll.
The gnoll is almost dead.
You constrict the gnoll, but do no damage.
The gnoll misses you. The gnoll hits you with a +0 spear!
You die...

#..........#.# ##
#..........#.# ..
#..........#.###.
#..........#.#..
#..........#.#.#
#..........#.#g#
#..........#.#.####
#..g.........g.....
#.@g...............
#..........####.###
#.......>..#.......
#........#.#.......
######
#........#.#......†
.....#
#........#.^..._...
...#.#
##########.####.#.......
...#.# #..........#
#.#....... .....#
#.....>....# ..#.......


You could see 2 gnolls.

Vanquished Creatures
  Ijyb (D:3)
  A gnoll (D:3)
  4 bats
  2 endoplasms (D:1)
  3 goblins
  2 hobgoblins (D:1)
  A quokka (D:1)
  5 ball pythons
  3 kobolds
  3 rats
25 creatures vanquished.

Notes
Turn   | Place    | Note
-------+----------+-------------------------------------------
     0 | D:1      | PriceMaster the Octopode Conjurer began the quest for the
                  | Orb.
     0 | D:1      | Reached XP level 1. HP: 11/11 MP: 3/3
   504 | D:1      | Reached XP level 2. HP: 17/17 MP: 3/5
   568 | D:1      | Learned a level 2 spell: Searing Ray
  1408 | D:2      | You fall into a shaft and drop 1 floor!
  1434 | D:3      | Noticed Ijyb
  1456 | D:4      | Noticed Dowan
  1515 | D:3      | Killed Ijyb
  1516 | D:3      | Reached skill level 5 in Conjurations
  1516 | D:3      | Reached XP level 3. HP: 15/21 MP: 0/6
  1603 | D:3      | Found a transporter.
  1606 | D:3      | Noticed zeratav's ghost (amateur OpSh)
  1611 | D:3      | Found a transporter.
  1850 | D:3      | Found a hide-covered altar of Uskayaw.
  1861 | D:3      | HP: 1/21 [gnoll/+0 club (4)]
  1875 | D:3      | Reached XP level 4. HP: 18/27 MP: 0/7
  1877 | D:3      | Slain by a gnoll

Illustrated notes

Levels and vault maps discovered:
D:1:      dreamdust_arrival_beginning_and_end, layout_loops_corners,
          minmay_liquid_box
D:2:      layout_basic, uniq_jessica
D:3:      layout_basic, lemuel_tele_altar, gammafunk_ghost_arena, uniq_ijyb
D:4:      layout_layer_cave, minmay_temple_entry_glassed_door, minmay_between,
          uniq_duvessa, uniq_edmund

Skill      XL: |  1  2 |
---------------+-------+-----
Conjurations   | 5 |  5.4
Dodging        | |  2.1
Stealth        | |  2.8
Spellcasting   | |  2.0

Action                     |  1- 3 |  4- 6 || total
---------------------------+-------+-------++-------
  Melee: Unarmed           |    10 |       ||    10
         Tentacles         |     3 |       ||     3
         Constrict         |     6 |     1 ||     7
         Punch             |     1 |       ||     1
         Dagger            |     6 |     2 ||     8
   Cast: Magic Dart        |    37 |       ||    37
         Searing Ray       |     5 |       ||     5
    Use: Potion            |     3 |       ||     3
 Armour: Skin              |    20 |     2 ||    22
  Dodge: Dodged            |    26 |     2 ||    28

Table legend: (Time is in decaauts)
 A = Elapsed time spent in this place.
 B = Non-inter-level travel time spent in this place.
 C = Inter-level travel time spent in this place.
 D = Time resting spent in this place.
 E = Time spent auto-exploring this place.
 F = Levels seen in this place.
 G = Mean time per level.
                   A        B        C        D        E       F      G
               +--------+--------+--------+--------+--------+-----+--------+
         Total |   1871 |   1788 |     83 |     90 |   1515 |   4 |  467.8 |
       Dungeon |   1871 |   1788 |     83 |     90 |   1515 |   4 |  467.8 |
               +--------+--------+--------+--------+--------+-----+--------+

Top non-repeatable levels by time:
     D:1: 1234 daAuts
     D:3: 461 daAuts
     D:2: 173 daAuts
     D:4: 1 daAuts
